 Dungeon Crawl Stone Soup version 0.18-a0-775-g4d9e04e (webtiles) character file.

8034 Kolbur the Martial Artist (level 11, -2/102 HPs)
             Began as a Kobold Berserker on Dec 13, 2015.
             Was an Elder of Trog.
             Slain by a two-headed ogre
             ... wielding a +0 giant spiked club
              (14 damage)
             ... on level 1 of the Orcish Mines.
             The game lasted 01:23:58 (4194 turns).

Kolbur the Martial Artist (Kobold Berserker)        Turns: 4194, Time: 01:23:58

Health: -2/102     AC: 13    Str: 21    XL:     11   Next: 48%
Magic:  11/11      EV: 13    Int:  5    God:    Trog [****..]
Gold:   395        SH:  0    Dex: 19    Spells: 0 memorised, 10 levels left

rFire  . . .     SeeInvis .       - Unarmed
rCold  . . .     Clarity  +     y - +0 plate armour
rNeg   . . .     SustAt   .     (shield restricted)
rPois  .         Gourm    .     (no helmet)
rElec  .         Spirit   .     (no cloak)
rCorr  .         Dismiss  .     g - +0 pair of gloves
rMut   .         Stasis   .     (no boots)
MR     ++...                    (no amulet)
Stlth  ..........               (no ring)
                                (no ring)

@: berserking, regenerating, very quick, very resistant to hostile enchantments,
extremely unstealthy
A: talons 1, carnivore 3, clarity
a: Berserk, Trog's Hand, Brothers in Arms, Burn Spellbooks, Renounce Religion


You were on level 1 of the Orcish Mines.
You worshipped Trog.
Trog was greatly pleased with you.
You were full.

You visited 2 branches of the dungeon, and saw 13 of its levels.
You also visited: Ossuary.

You collected 395 gold pieces.

Inventory:

Hand Weapons
 a - a +2 dagger of draining
 e - a +0 hunting sling
 q - a +1 dagger of venom
 t - a +1 dagger of flaming
 x - a +0 rapier
 C - a +2 scimitar of flaming
Missiles
 d - 110 stones (quivered)
 f - 18 bolts
 l - 34 sling bullets
 p - 21 tomahawks
 s - 5 tomahawks of returning
 w - 41 poisoned needles
Armour
 g - a +0 pair of gloves (worn)
 y - a +0 plate armour (worn)
Wands
 A - a wand of digging (17)
Scrolls
 m - a scroll of teleportation {unknown}
 n - 2 scrolls of magic mapping
 o - a scroll of recharging {unknown}
 u - a scroll of remove curse
Books
 v - a book of the Sky

   Spells                             Type                      Level
   a - Summon Lightning Spire         Summoning/Air                4
   b - Airstrike                      Air                          4
   c - Silence                        Hexes/Air                    5
   d - Deflect Missiles               Charms/Air                   6
   e - Conjure Ball Lightning         Conjuration/Air              6
   f - Tornado                        Air                          9
   Trog disapproves of the use of such an item.
Miscellaneous
 h - a fan of gales (inert)
Comestibles
 b - 3 beef jerkies
 c - 2 meat rations
 i - 7 royal jellies
 k - a slice of pizza


   Skills:
 - Level 8.0 Fighting
 - Level 10.0 Short Blades
 - Level 4.2 Armour
 - Level 8.1 Dodging
 - Level 2.0 Stealth
 + Level 11.3 Unarmed Combat


You had 10 spell levels left.
You didn't know any spells.

Dungeon Overview and Level Annotations

Branches:
Dungeon (12/15)              Lair (0/8) D:11            Orc (1/2) D:10
 Temple: D:4-7

Altars:
Trog
Beogh

Shops:
Orc:1 *

Annotations:
D:11 Sonja


Innate Abilities, Weirdness & Mutations

You are small and have problems with some larger weapons.
You are carnivorous and can eat meat at any time.
You have sharp toenails.
You possess an exceptional clarity of mind.


Message History

An orc wizard comes into view. It is wielding a dagger.
There is a staircase back to the Dungeon, spattered with blood here.
You see here a bolt.
Okay, then.
Unknown command.
Unknown command.
Unknown command.
Unknown command.
Unknown command.
Unknown command.
Unknown command.
Unknown command.
Unknown command.
A red film seems to cover your vision as you go berserk!
You feel yourself moving faster!
You feel mighty!
You feel somewhat less full.
The orc warrior shouts!
The two-headed ogre hits you with a giant spiked club!
* * * LOW HITPOINT WARNING * * *
The two-headed ogre hits you with a giant club!
You die...

....#.......##
......$......
....$.....#.##
........$....#
_........≈§≈≈#
..$......≈≈≈≈#
........T≈≈.≈#
.......@.≈≈§.#
.......oO####∩o
.........oo
...>.......o.
......O..####Oo
.......#.§ o
....... .≈
....#.. .≈≈


You could see an ogre mage, a troll, 2 two-headed ogres, an orc sorcerer, 2 orc
warriors, 2 orc wizards and 2 orcs.

Vanquished Creatures
  Erica (D:9)
  3 deep elf magi
  A centaur zombie (D:11)
  A queen bee (D:10)
  A fire drake (D:11)
  A troll (D:10)
  A two-headed ogre (D:10)
  Grum (D:11)
  2 hippogriffs
  A wyvern (D:9)
  A hungry ghost (D:10)
  2 wolves (D:11)
  2 phantoms
  2 necrophages
  A centaur (D:7)
  7 orc warriors
  2 sky beasts
  4 ogres
  2 crocodiles
  6 giant frogs
  A wyvern skeleton (D:9)
  17 killer bees (D:10)
  2 scorpions
  4 wights (D:9)
  A water moccasin skeleton (D:6)
  A crimson imp (D:11)
  A hound (D:11)
  6 orc priests
  A giant frog zombie (D:11)
  10 orc wizards
  2 iguanas
  2 worker ants (D:8)
  2 mummies
  2 adders
  2 shadow imps
  An ooze (D:1)
  An adder zombie (D:8)
  2 worms
  A giant gecko (D:9)
  35 orcs
  2 giant cockroaches
  3 jackals (D:4)
  2 quokkas
  2 bats
  A giant gecko skeleton (D:8)
  3 giant newts
  2 gnoll zombies (Ossuary)
  3 kobold zombies (Ossuary)
  An orc zombie (Ossuary)
  2 rats (D:1)
157 creatures vanquished.

Notes
Turn   | Place    | Note
--------------------------------------------------------------
     0 | D:1      | Kolbur the Kobold Berserker began the quest for the Orb.
     0 | D:1      | Reached XP level 1. HP: 14/14 MP: 1/1
    90 | D:1      | Reached skill level 1 in Stealth
    90 | D:1      | Reached XP level 2. HP: 19/19 MP: 2/2
   292 | D:4      | Reached XP level 3. HP: 23/23 MP: 3/3
   297 | D:4      | Noticed a scorpion
   308 | D:4      | Killed a scorpion
   308 | D:4      | Reached skill level 5 in Short Blades
   308 | D:4      | Reached XP level 4. HP: 28/28 MP: 4/4
   365 | D:5      | Entered Level 5 of the Dungeon
   375 | D:5      | Found a sand-covered staircase.
   432 | Ossuary  | Entered an ossuary
   532 | D:4      | Reached XP level 5. HP: 30/32 MP: 5/5
   614 | D:6      | Found a bloodstained altar of Trog.
   809 | D:6      | Reached ** piety under Trog
   825 | D:6      | Reached skill level 6 in Short Blades
   833 | D:6      | Noticed an ogre
   900 | D:6      | Reached skill level 7 in Short Blades
   900 | D:6      | Reached XP level 6. HP: 35/38 MP: 6/6
   930 | D:6      | Reached skill level 8 in Short Blades
   930 | D:6      | Reached XP level 7. HP: 43/43 MP: 7/7
   978 | D:7      | Reached skill level 9 in Short Blades
  1054 | D:7      | Reached XP level 8. HP: 48/48 MP: 8/8
  1218 | D:8      | Reached skill level 10 in Short Blades
  1287 | D:9      | Noticed Erica
  1335 | D:8      | Reached skill level 5 in Fighting
  1444 | D:8      | Reached skill level 5 in Dodging
  1831 | D:9      | Killed Erica
  1831 | D:9      | Reached XP level 9. HP: 58/58 MP: 9/9
  1994 | D:9      | Noticed a deep elf mage
  2030 | D:9      | Killed a deep elf mage
  2106 | D:9      | Reached skill level 1 in Unarmed Combat
  2111 | D:9      | Reached XP level 10. HP: 64/64 MP: 10/10
  2217 | D:10     | Entered Level 10 of the Dungeon
  2341 | D:9      | Reached skill level 5 in Unarmed Combat
  2403 | D:9      | Reached *** piety under Trog
  2677 | D:9      | Gained mutation: You possess an exceptional clarity of mind. [mutagenic meat]
  2678 | D:9      | Gained mutation: You have sharp toenails. [mutagenic meat]
  2732 | D:11     | Noticed a deep elf mage
  2752 | D:11     | Killed a deep elf mage
  2872 | D:11     | Noticed Sonja
  3243 | D:10     | Reached XP level 11. HP: 32/68 MP: 11/11
  3513 | D:11     | Noticed a deep elf mage
  3526 | D:11     | Killed a deep elf mage
  3590 | D:11     | Reached skill level 10 in Unarmed Combat
  3617 | D:11     | Noticed Grum
  3644 | D:11     | Killed Grum
  3676 | D:11     | Found a staircase to the Lair.
  3908 | D:10     | Reached skill level 11 in Unarmed Combat
  3938 | D:9      | Reached **** piety under Trog
  4049 | D:10     | Found a staircase to the Orcish Mines.
  4119 | Orc:1    | Entered Level 1 of the Orcish Mines
  4119 | Orc:1    | Found Dahovv Ovom's General Store.
  4119 | Orc:1    | Found a roughly hewn altar of Beogh.
  4122 | Orc:1    | Noticed an ogre mage
  4122 | Orc:1    | Noticed an orc sorcerer
  4152 | Orc:1    | Noticed an orc sorcerer
  4194 | Orc:1    | Slain by a two-headed ogre

Vault maps used:
D:1:      dpeg_arrival_radiant, minmay_misc_feat_x, minmay_door_square,
          minivault_24
D:3:      serial_glass, glass_columns_c, glass_columns_a, glass_columns_a,
          glass_columns_a, glass_columns_b, glass_columns_b, ecumenical_altar_1
D:4:      uniq_grinder
D:5:      kennysheep_mini, temple_statues, nicolae_ossuary_entry_monument,
          first_bread, serial_shops, nicolae_shop_crystal,
          nicolae_shop_temple_entry_statues_fountains
D:6:      bloody_trog
D:9:      uniq_erica
D:10:     hiddenorc2_lemuel, david_nohive_1, minivault_1
D:11:     minmay_lair_entry_lava, uniq_grum, uniq_sonja
D:12:     uniq_rupert
Orc:1:    basic_altar, guppyfry_orc_lava_fort
Ossuary:  ossuary_tomb_3

Action                   |  1- 3 |  4- 6 |  7- 9 | 10-12 || total
-------------------------+-------+-------+-------+-------++-------
Melee: Short sword       |    63 |    44 |     4 |       ||   111
       Dagger            |       |    48 |   205 |   393 ||   646
       Unarmed           |       |       |       |    67 ||    67
 Fire: Hunting sling     |       |     3 |     2 |       ||     5
Throw: Stone             |       |     7 |     6 |     2 ||    15
Invok: Berserk           |     3 |     5 |    10 |    15 ||    33
       Trog's Hand       |       |       |     3 |     3 ||     6
Evoke: Fan of gales      |       |       |       |     1 ||     1
  Use: Scroll            |       |       |     7 |     1 ||     8
       Potion            |       |       |       |     7 ||     7
 Stab: Sleeping          |     2 |       |       |       ||     2
       Distracted        |       |       |       |     1 ||     1
  Eat: Chunk             |     1 |     5 |    21 |    32 ||    59
       Beef jerky        |       |     1 |       |       ||     1

Vault maps used:
D:1:      dpeg_arrival_radiant, minmay_misc_feat_x, minmay_door_square,
          minivault_24
D:3:      serial_glass, glass_columns_c, glass_columns_a, glass_columns_a,
          glass_columns_a, glass_columns_b, glass_columns_b, ecumenical_altar_1
D:4:      uniq_grinder
D:5:      kennysheep_mini, temple_statues, nicolae_ossuary_entry_monument,
          first_bread, serial_shops, nicolae_shop_crystal,
          nicolae_shop_temple_entry_statues_fountains
D:6:      bloody_trog
D:9:      uniq_erica
D:10:     hiddenorc2_lemuel, david_nohive_1, minivault_1
D:11:     minmay_lair_entry_lava, uniq_grum, uniq_sonja
D:12:     uniq_rupert
Orc:1:    basic_altar, guppyfry_orc_lava_fort
Ossuary:  ossuary_tomb_3

Table legend:
 A = Turns spent in this place as a percentage of turns spent in the entire game.
 B = Non-inter-level travel turns spent in this place as a percentage of non-inter-level travel turns spent in the entire game.
 C = Inter-level travel turns spent in this place as a percentage of turns spent in this place.
 D = Turns resting spent in this place as a percentage of non-inter-level travel turns spent in this place.
 E = Turns spent auto-exploring this place as a percentage of non-inter-level travel turns spent in this place.
 F = Non-inter-level travel turns spent in this place divided by the number of levels of this place that you've seen.
                   A       B       C       D       E      F
               +-------+-------+-------+-------+-------+----------------------
         Total | 100.0 | 100.0 |   0.1 |   0.3 |   0.0 | 288.0
       Dungeon |  98.1 |  98.1 |   0.1 |   0.4 |   0.0 | 329.8
  Orcish Mines |   0.5 |   0.5 |   0.0 |   0.0 |   0.0 |  20.0
       Ossuary |   1.4 |   1.4 |   0.0 |   0.0 |   0.0 |  55.0
               +-------+-------+-------+-------+-------+----------------------
